 Dungeon Crawl Stone Soup version 0.30-a0-879-ga8ba668304 (webtiles) character file.

Game seed: 10462595766496529076

200 Morbidden the Covered (level 5, 32/48 HPs)
             Began as an Armataur Fighter on Mar 13, 2023.
             Quit the game on level 4 of the Dungeon.
             The game lasted 00:04:10 (3284 turns).

Morbidden the Covered (Armataur Fighter)            Turns: 3284, Time: 00:04:10

Health: 32/48      AC:  7    Str: 23 (25) XL:     5   Next: 48%
Magic:  6/6        EV:  7    Int:  5 (9)  God:
Gold:   175        SH:  0    Dex:  3 (9)  Spells: 5/5 levels left

rFire   . . .      SeeInvis .    a - +0 morningstar
rCold   . . .      Faith    .    c - +0 buckler
rNeg    . . .      Spirit   .    b - +0 scale mail
rPois   .          Reflect  .    (no helmet)
rElec   .          Roll     +    (no cloak)
rCorr   .          Clarity  +    (no gloves)
Will    .....                    (no barding) Stlth
                                 n - amulet of the acrobat
HPRegen 0.00/turn                s - ring of wizardry
MPRegen 0.10/turn                (no ring)

@: confused, weak-willed, inhibited regen
A: large, rugged brown scales 3, deformed body, armoured tail, roll, long
tongue, awkward tongue, clarity, screaming 1, inhibited regeneration, strong 1,
wild magic 1
a: no special abilities


You were on level 4 of the Dungeon.
You visited 1 branch of the dungeon, and saw 4 of its levels.

You collected 175 gold pieces.

Inventory:

Hand Weapons
 a - a +0 morningstar (weapon)
Missiles
 g - 4 boomerangs
 j - 14 poisoned darts (quivered)
Armour
 b - a +0 scale mail (worn)
 c - a +0 buckler (worn)
Jewellery
 n - an amulet of the acrobat (around neck)
 s - a ring of wizardry (left hand)
Wands
 o - a wand of flame (15)
Scrolls
 e - 3 scrolls of vulnerability
 f - 2 scrolls of teleportation {unknown}
 i - 2 scrolls of identify
 k - a scroll of blinking {unknown}
 l - 3 scrolls of noise
 p - a scroll of fog
 r - a scroll of magic mapping {unknown}
 t - a scroll of poison {unknown}
Potions
 d - a potion of might
 m - a potion of degeneration
 q - a potion of invisibility {unknown}


   Skills:
 * Level 3.3 Fighting
 * Level 0.8(2.0) Axes
 * Level 3.2(3.3) Maces & Flails
 * Level 4.6 Armour
 * Level 0.7 Dodging
 * Level 3.9 Shields
 * Level 0.8 Spellcasting


You had 5 spell levels left.
You didn't know any spells.
Your spell library contained the following spells:

 Spells                   Type           Power      Damage    Failure   Level
 Call Canine Familiar     Summ           0%         N/A       88%         3
 Portal Projectile        Hex/Tloc       0%         N/A       88%         3
 Leda's Liquefaction      Hex/Erth       0%         N/A       99%         4
 Alistair's Intoxication  Tmut/Pois      0%         N/A       100%        5
 Borgnjor's Vile Clutch   Necr/Erth      0%         N/A       100%        5
 Eringya's Noxious Bog    Tmut/Pois      0%         N/A       100%        6


Dungeon Overview and Level Annotations

Branches:
Dungeon (4/15)
 Temple: D:4-7

Altars:
Sif Muna


Innate Abilities, Weirdness & Mutations

You are completely covered in rugged brown scales. (AC +3, +7% HP)
Armour fits poorly on your strangely shaped body.
You have a long armoured tail.
You roll when moving toward enemies. (Rampage)
Your long tongue fully drains potion bottles. (2x potion effects)
Your tongue gives you trouble enunciating. (1.5x scroll delay)
You possess an exceptional clarity of mind.
You occasionally shout uncontrollably at your foes.
You do not regenerate when monsters are visible.
Your muscles are strong. (Str +4, Int/Dex -1)
Your spells are a little harder to cast, but a little more powerful.


Message History

The orc priest hits you with a +0 flail.
The orc wizard gestures at you while chanting.
The magic dart hits you but does no damage.
The orc priest barely misses you. The orc wizard completely misses you.
The gnoll hits you from afar with a +0 halberd!
Okay, then.
The orc wizard attacks as you move away!
The orc wizard hits you but does no damage.
The orc wizard attacks as you move away!
The orc wizard hits you but does no damage.
As you slowly read the scroll labelled BIUVA LYUXT, it crumbles to dust.
The scroll dissolves into smoke.
It was a scroll of fog.
The orc wizard hits you but does no damage.
Unknown command.
Okay, then.
The orc wizard casts a spell at you.
You are confused.
You bump into the rock wall.
Unknown command.
You are too confused!
Unknown command.
You slurp down every last drop of the sedimented puce potion!
It was a potion of degeneration.
There was something very wrong with that liquid.
You feel weakened.
You feel dopey.
You feel clumsy. The orc wizard closely misses you.
Unknown command.
Okay, then.
You barely miss the orc wizard.
The orc wizard hits you but does no damage. x2
Unknown command.
You slurp down every last drop of the clear potion!
It was a potion of mutation.
You feel extremely strange.
Your thoughts seem clearer.
Your regeneration stops near monsters.
You feel the urge to shout.
You feel stronger.
You feel less in control of your magic.
The orc wizard hits you but does no damage.
Unknown command.
Okay, then.
Are you sure you want to abandon this character and quit the game? (Confirm with "yes".)

#. #(#.#.#
#.###.....#
#.........#
#####...o.#
#...g§# #..#
###+#§# #..# #o#
#..# # #o# #..#
#.###.#@# #..#
##.....#§# #.^#
.......#§# #..#
.........#
#..#########
.........##
#...........
...........##
#.#########.
........#...###.#
#.
........#.#...#.#
#.
#........###.#.##
#.


You could see an orc priest (weak-willed) and an orc wizard (weak-willed).

Vanquished Creatures
  A sleepcap (D:3)
  A jelly (D:4)
  6 adders
  A worm (D:2)
  2 dart slugs
  4 orcs
  8 ball pythons
  6 endoplasms
  A giant cockroach (D:2)
  5 goblins
  6 hobgoblins
  9 jackals
  6 quokkas
  5 bats
  9 kobolds
  5 rats
75 creatures vanquished.

Notes
Turn   | Place    | Note
-------+----------+-------------------------------------------
     0 | D:1      | Morbidden the Armataur Fighter began the quest for the Orb.
     0 | D:1      | Reached XP level 1. HP: 19/19 MP: 1/1
   231 | D:1      | Reached XP level 2. HP: 22/26 MP: 2/2
   861 | D:2      | Reached XP level 3. HP: 33/33 MP: 3/3
   919 | D:2      | Reached skill level 4 in Armour
  1163 | D:2      | Found a shimmering blue altar of Sif Muna.
  1259 | D:2      | Reached XP level 4. HP: 39/40 MP: 4/4
  2285 | D:3      | Reached XP level 5. HP: 48/48 MP: 6/6
  3283 | D:4      | Gained mutation: You possess an exceptional clarity of
                  | mind. [potion of mutation]
  3283 | D:4      | Gained mutation: You do not regenerate when monsters are
                  | visible. [potion of mutation]
  3283 | D:4      | Gained mutation: You occasionally shout uncontrollably at
                  | your foes. [potion of mutation]
  3283 | D:4      | Gained mutation: Your muscles are strong. (Str +4, Int/Dex
                  | -1) [potion of mutation]
  3283 | D:4      | Gained mutation: Your spells are a little harder to cast,
                  | but a little more powerful. [potion of mutation]
  3284 | D:4      | Quit the game

Illustrated notes

Levels and vault maps discovered:
D:1:      spicycebolla_arrival_ecumenical, layout_loops_ring, minmay_tripent
D:2:      layout_loops_corners, basic_altar
D:3:      layout_loops_ring
D:4:      layout_basic

Skill      XL: |  1  2  3  4  5 |
---------------+----------------+-----
Fighting       | 3 |  3.3
Maces & Flails | 2 3 |  3.2
Armour         | 4 |  4.6
Axes           | |  0.8
Dodging        | |  0.7
Shields        | |  3.9
Spellcasting   | |  0.8

Action                     |  1- 3 |  4- 6 || total
---------------------------+-------+-------++-------
  Melee: Flail             |   126 |   102 ||   228
         Tailslap          |    12 |    12 ||    24
         Morningstar       |       |    21 ||    21
  Throw: Boomerang         |       |     3 ||     3
         Dart              |       |     5 ||     5
    Use: Scroll            |       |     3 ||     3
         Potion            |       |     2 ||     2
 Armour: Scale mail        |    82 |    69 ||   151
  Dodge: Dodged            |    34 |    72 ||   106
  Block: Buckler           |    22 |    29 ||    51

Table legend: (Time is in decaauts)
 A = Elapsed time spent in this place.
 B = Non-inter-level travel time spent in this place.
 C = Inter-level travel time spent in this place.
 D = Time resting spent in this place.
 E = Time spent auto-exploring this place.
 F = Levels seen in this place.
 G = Mean time per level.
                   A        B        C        D        E       F      G
               +--------+--------+--------+--------+--------+-----+--------+
         Total |   3365 |   3273 |     92 |    256 |   2439 |   4 |  841.2 |
       Dungeon |   3365 |   3273 |     92 |    256 |   2439 |   4 |  841.2 |
               +--------+--------+--------+--------+--------+-----+--------+

Top non-repeatable levels by time:
     D:3: 1260 daAuts
     D:2: 1124 daAuts
     D:1: 768 daAuts
     D:4: 211 daAuts
